 Dungeon Crawl Stone Soup version 0.19.0-20-gbc5f0c6 (webtiles) character file.

868 AAAAA the Thaumaturge (level 8, -1/50 HPs)
             Began as an Octopode Warper on Nov 16, 2016.
             Was a Follower of Vehumet.
             Killed from afar by Dowan (10 damage)
             ... with a puff of frost
             ... on level 6 of the Dungeon.
             The game lasted 00:24:49 (8165 turns).

AAAAA the Thaumaturge (Octopode Warper)             Turns: 8165, Time: 00:24:49

Health: -1/50      AC:  1    Str: 10    XL:     8   Next: 3%
Magic:  5/20       EV: 13    Int: 17    God:    Vehumet [*.....]
Gold:   274        SH:  6    Dex: 12    Spells: 4 memorised, 15 levels left

rFire  . . .     SeeInvis +     l - 88 stones
rCold  . . .     Gourm    .     (no shield)
rNeg   . . .     Faith    .     (helmet restricted)
rPois  .         Spirit   .     j - +6 amulet of reflection
rElec  .         Reflect  +     r - ring of see invisible
rCorr  +         Harm     .     C - ring of resist corrosion
MR     .....                    (no ring)
Stlth  ++........               (no ring)
                                (no ring)
                                (no ring)
                                (no ring)
                                (no ring)

@: no status effects
A: almost no armour, stealthy swim, amphibious, 8 rings, constrict 8, camouflage
1, gelatinous body 1
a: Renounce Religion


You were on level 6 of the Dungeon.
You worshipped Vehumet.
Vehumet was aware of your devotion.
You were not hungry.

You visited 2 branches of the dungeon, and saw 7 of its levels.

You collected 274 gold pieces.

Inventory:

Hand Weapons
 a - a +0 falchion
 c - a +0 trident
 w - a +0 trident
 y - a +0 shortbow
Missiles
 d - 3 tomahawks of dispersal (quivered)
 k - 52 poisoned needles
 l - 88 stones (in tentacle)
 x - 5 curare-tipped needles
 z - 15 arrows
Jewellery
 j - a +6 amulet of reflection (around mantle)
 r - a ring of see invisible (left tentacle)
 C - a ring of resist corrosion (right tentacle)
Wands
 A - a wand of paralysis (15/24)
Scrolls
 g - 2 scrolls of teleportation
 h - a scroll of fog {unknown}
 o - a scroll of enchant armour {unknown}
 t - a scroll of remove curse
 D - a scroll of immolation {unknown}
 E - a scroll of recharging {unknown}
 F - a scroll of random uselessness {unknown}
Potions
 e - 3 potions of agility
 i - a potion of heal wounds
 m - 2 potions of cure mutation
 q - 3 potions of flight
 s - a potion of lignification {unknown}
 u - a potion of might {unknown}
 v - a potion of berserk rage {unknown}
Books
 b - a book of Spatial Translocations

   Spells                             Type                      Level
   a - Blink                          Translocation                2
   b - Shroud of Golubria             Charms/Translocation         2
   c - Lesser Beckoning               Translocation                3
   d - Portal Projectile              Translocation                3
   e - Teleport Other                 Translocation                3
   f - Passage of Golubria            Translocation                4
Comestibles
 f - 7 bread rations
 n - a beef jerky
 p - a meat ration
 B - 4 fruits
 G - a chunk of flesh


   Skills:
 - Level 2.0 Fighting
 - Level 2.0 Long Blades
 - Level 1.0 Throwing
 - Level 2.3 Dodging
 + Level 8.3 Spellcasting
 - Level 3.0 Translocations


You had 15 spell levels left.
You knew the following spells:

 Your Spells              Type           Power        Failure   Level  Hunger
a - Sandblast             Erth           #.....       12%         1    None
b - Teleport Other        Tloc           ###.....     10%         3    #......
c - Shroud of Golubria    Chrm/Tloc      ##........   10%         2    None
d - Blink                 Tloc           N/A          4%          2    None


Dungeon Overview and Level Annotations

Branches:
Dungeon (6/15)             Temple (1/1) D:5

Altars:
Ashenzari
Cheibriados
Dithmenos
Elyvilon
Fedhas
Gozag
Kikubaaqudgha
Nemelex Xobeh
Okawaru
Qazlal
Ru
Sif Muna
Uskayaw
Vehumet
Xom
Yredelemnul
Zin
The Shining One

Shops:
D:4 *   D:6 (

Annotations:
D:4 loom's ghost, amateur DECj
D:6 Dowan; Duvessa; Edmund


Innate Abilities, Weirdness & Mutations

You cannot wear most types of armour.
You are very stealthy in the water. (Stealth+)
You are amphibious.
You can wear up to eight rings at the same time.
You can use your tentacles to constrict eight enemies at once.
Your skin changes colour to match your surroundings (Stealth+).
Your rubbery body absorbs attacks. (AC +1, EV +1)


Message History

* * * LOW HITPOINT WARNING * * *
The sky beast shocks you.
* * * LOW HITPOINT WARNING * * *
Casting: Sandblast
Confirm with . or Enter, or press ? or * to list all spells.
You blink.
Unknown command.
There is a stone staircase leading down here.
Casting: Blink
Confirm with . or Enter, or press ? or * to list all spells.
Aiming: Sandblast
Press: ? - help, Shift-Dir - straight line, f - sky beast
Aim: a sky beast (almost dead)
The rocky blast hits the sky beast.
The sky beast is almost dead.
You climb downwards.
Level annotation: Dowan; Duvessa; Edmund Dowan points at you and mumbles some strange words.
The puff of frost hits you!
You die...

#################
..#.............##
................e##
..................#
..................#
..........o.....@.#####
#.###.................##
#.# #...........)......#
#'###............#######
'_'..........e..#####
#####..#######)#....#
### #.## #..#....#
#####.##### #.##....#
..........###.##....#


You could see Duvessa (wandering), Dowan and an orc (wandering).

Vanquished Creatures
  A centaur (D:5)
  A bullfrog (D:6)
  3 scorpions
  A howler monkey (D:4)
  A hound (D:5)
  2 jellies (D:5)
  A bullfrog skeleton (D:5)
  A centaur skeleton (D:6)
  An orc priest (D:6)
  3 orc wizards
  An iguana (D:5)
  7 adders
  4 gnolls (D:4)
  2 shadow imps (D:6)
  4 oozes
  2 worms
  3 dart slugs
  3 leopard geckos
  12 orcs
  7 bats
  6 giant cockroaches
  12 goblins
  10 hobgoblins
  4 jackals
  8 quokkas
  A ball python (D:2)
  4 frilled lizards
  6 kobolds
  A quokka skeleton (D:5)
  A quokka zombie (D:5)
  9 rats
  A rat zombie (D:5)
123 creatures vanquished.

Notes
Turn   | Place    | Note
-------+----------+-------------------------------------------
     0 | D:1      | AAAAA the Octopode Warper began the quest for the Orb.
     0 | D:1      | Reached XP level 1. HP: 14/14 MP: 3/3
   238 | D:1      | Reached XP level 2. HP: 19/19 MP: 3/5
   250 | D:1      | Learned a level 2 spell: Blink
   574 | D:1      | Reached skill level 3 in Spellcasting
   768 | D:1      | Reached XP level 3. HP: 21/24 MP: 7/7
   802 | D:1      | Learned a level 3 spell: Teleport Other
  1529 | D:2      | Reached XP level 4. HP: 26/29 MP: 9/9
  1544 | D:2      | Found a hide-covered altar of Uskayaw.
  1545 | D:2      | Found a blossoming altar of Fedhas.
  1658 | D:2      | Reached skill level 4 in Spellcasting
  2085 | D:3      | Noticed an ogre
  2525 | D:3      | Found a shadowy altar of Dithmenos.
  2525 | D:3      | Found a sparkling altar of Nemelex Xobeh.
  2543 | D:3      | Found a faded altar of an unknown god.
  2545 | D:3      | Found a faded altar of an unknown god.
  2547 | D:3      | Found a faded altar of an unknown god.
  2577 | D:4      | Noticed loom's ghost (amateur DECj)
  2773 | D:4      | Found Wiklem's General Store.
  2806 | D:4      | Reached XP level 5. HP: 30/34 MP: 12/12
  3274 | D:4      | Reached skill level 5 in Spellcasting
  3846 | D:5      | Entered Level 5 of the Dungeon
  3846 | D:5      | Noticed a centaur
  4268 | D:3      | Reached XP level 6. HP: 39/39 MP: 14/14
  4574 | D:5      | Found a staircase to the Ecumenical Temple.
  4579 | D:5      | Noticed an orc warrior
  5713 | D:4      | Reached skill level 6 in Spellcasting
  5951 | D:4      | Learned a level 2 spell: Shroud of Golubria
  6071 | Temple   | Entered the Ecumenical Temple
  6118 | Temple   | Became a worshipper of Vehumet
  6192 | D:5      | Reached XP level 7. HP: 45/45 MP: 17/17
  6223 | D:6      | Found Natuoc's Weapon Shop.
  6448 | D:6      | Reached skill level 7 in Spellcasting
  6745 | D:6      | Found a snail-covered altar of Cheibriados.
  6892 | D:6      | Noticed Duvessa
  6892 | D:6      | Noticed Dowan
  7438 | D:6      | Reached skill level 8 in Spellcasting
  7571 | D:6      | Noticed Edmund
  7992 | D:5      | Reached XP level 8. HP: 50/50 MP: 20/20
  8033 | D:5      | Reached * piety under Vehumet
  8033 | D:5      | Offered knowledge of Sandblast by Vehumet.
  8036 | D:5      | Learned a level 1 spell: Sandblast
  8165 | D:6      | Killed from afar by Dowan

Skill      XL: |  1  2  3  4  5  6  7 |
---------------+----------------------+-----
Spellcasting   | 3 4 5 6 8 |  8.3
Fighting       | |  2.0
Long Blades    | |  2.0
Throwing       | |  1.0
Dodging        | |  2.3
Translocations | |  3.0

Action                   |  1- 3 |  4- 6 |  7- 9 || total
-------------------------+-------+-------+-------++-------
Melee: Falchion          |    67 |   137 |   103 ||   307
       Constrict         |    19 |    37 |    28 ||    84
       Tentacles         |    11 |    33 |    23 ||    67
       Trident           |       |     3 |       ||     3
 Fire: Shortbow          |       |     3 |     2 ||     5
Throw: Tomahawk          |     1 |     1 |       ||     2
       Stone             |       |       |     3 ||     3
 Cast: Blink             |     3 |    32 |    12 ||    47
       Teleport Other    |       |     6 |     6 ||    12
       Shroud of Golubri |       |     2 |     3 ||     5
       Sandblast         |       |       |    20 ||    20
  Use: Scroll            |       |     6 |     2 ||     8
       Potion            |       |     1 |       ||     1
 Stab: Sleeping          |     2 |     4 |     2 ||     8
       Distracted        |       |       |     1 ||     1
  Eat: Chunk             |     2 |    12 |     7 ||    21
       Beef jerky        |       |     2 |       ||     2
Armor: Skin              |     4 |     9 |     6 ||    19
Dodge: Dodged            |    49 |    96 |    80 ||   225
Block: Other             |       |    24 |    37 ||    61
       Reflection        |       |     2 |       ||     2
       Rpst.: Falchion   |    19 |    21 |    22 ||    62
